 Dungeon Crawl Stone Soup version 0.28-a0-461-g2dc4ca5097 (webtiles) character file.

Game seed: 859870998724810339

13328 pokeman the Eclecticist (level 11, -5/60 HPs)
             Began as a Deep Elf Hedge Wizard on Sept 12, 2021.
             Was a Priest of Vehumet.
             Slain by a boulder beetle (18 damage)
             ... on level 11 of the Dungeon on Sept 13, 2021.
             The game lasted 00:43:53 (11876 turns).

pokeman the Eclecticist (Deep Elf Hedge Wizard)    Turns: 11876, Time: 00:43:53

Health: -5/60      AC: 18    Str: 14    XL:     11   Next: 74%
Magic:  13/41      EV: 10    Int: 29    God:    Vehumet [***...]
Gold:   745        SH:  0    Dex: 14    Spells: 28/40 levels left

rFire   x . .      SeeInvis .   x - +2 spear (venom)
rCold   + + .      Faith    .   (no shield)
rNeg    + . .      Spirit   .   D - +0 ice dragon scales of Makhleb's Regard {rF- rC++ MP+9 Slay+3}
rPois   .          Reflect  .   c - +0 hat
rElec   .          Harm     .   k - +0 cloak
rCorr   .          Rampage  .   I - +1 pair of gloves
Will    +....                   C - +2 pair of boots
Stlth   +.........              f - amulet of regeneration
HPRegen 1.20/turn               m - +6 ring of intelligence
MPRegen 0.27/turn               H - ring of Parao {Wiz *Slow rN+ Str+7}

@: no status effects
A: no striking features
a: Renounce Religion


You were on level 11 of the Dungeon.
You worshipped Vehumet.
Vehumet was most pleased with you.
You visited 2 branches of the dungeon, and saw 12 of its levels.
You also visited: Bailey.

You collected 801 gold pieces.
You spent 56 gold pieces at shops.

Inventory:

Hand Weapons
 x - a +2 spear of venom (weapon)
 R - a +0 arbalest
Missiles
 y - 106 bolts
Armour
 c - a +0 hat (worn)
 k - a +0 cloak (worn)
 C - a +2 pair of boots (worn)
 D - the +0 ice dragon scales of Makhleb's Regard (worn) {rF- rC++ MP+9 Slay+3}
   (You found it on level 7 of the Dungeon)

   Slay:      It affects your accuracy & damage with ranged weapons and melee
   (+3).
   rF:        It makes you vulnerable to fire.
   rC:        It greatly protects you from cold.
   MP:        It affects your magic capacity (+9).
 I - a +1 pair of gloves (worn)
Jewellery
 b - a ring of flight
 f - an amulet of regeneration (around neck)
 m - a +6 ring of intelligence (left hand)
 H - the ring of Parao (right hand) {Wiz *Slow rN+ Str+7}
   (You found it on level 8 of the Dungeon)

   [ring of wizardry]

   It improves your spell success rate.
   Str:       It affects your strength (+7).
   rN:        It protects you from negative energy.
   *Slow:     It may slow you when you take damage.
 O - a ring of ice
 X - a ring of willpower
Wands
 g - a wand of flame (9)
 p - a wand of iceblast (11)
 J - a wand of acid (7)
 W - a wand of digging (1)
Scrolls
 a - 4 scrolls of teleportation
 d - a scroll of noise {unknown}
 q - 2 scrolls of amnesia {unknown}
 u - a scroll of immolation {unknown}
 v - a scroll of blinking {unknown}
 w - 2 scrolls of fog {unknown}
 F - a scroll of enchant weapon {unknown}
 N - a scroll of silence {unknown}
 Q - a scroll of acquirement {unknown}
 T - a scroll of enchant armour {unknown}
Potions
 e - a potion of ambrosia {unknown}
 h - 4 potions of curing
 n - 3 potions of haste
 t - 3 potions of flight {unknown}
 B - 3 potions of brilliance {unknown}
 E - a potion of magic {unknown}
 P - a potion of might {unknown}
 V - a potion of mutation {unknown}
Miscellaneous
 S - a lightning rod (4/4)
 U - a phantom mirror


   Skills:
 - Level 3.0 Fighting
 + Level 5.9 Armour
 - Level 3.0 Dodging
 - Level 3.0 Stealth
 * Level 15.4 Spellcasting
 + Level 9.4 Conjurations
 - Level 5.0 Summonings
 - Level 1.1 Translocations
 + Level 7.0 Fire Magic
 - Level 1.0 Air Magic
 - Level 2.0 Poison Magic
 - Level 2.0 Evocations


You had 28 spell levels left.
You knew the following spells:

 Your Spells              Type           Power      Damage    Failure   Level
a - Magic Dart            Conj           100%       1d8       1%          1
b - Mephitic Cloud        Conj/Pois/Air  46%        N/A       1%          3
c - Call Imp              Summ           51%        N/A       1%          2
d - Blink                 Tloc           N/A        N/A       4%          2
e - Conjure Flame         Conj/Fire      63%        6-21      1%          3
f - Shock                 Conj/Air       100%       1d9       1%          1

Your spell library contained the following spells:

 Spells                   Type           Power      Damage    Failure   Level
 Sticky Flame             Conj/Fire      63%        2d8       1%          4
 Summon Small Mammal      Summ           100%       N/A       1%          1
 Call Canine Familiar     Summ           51%        N/A       1%          3
 Fulminant Prism          Conj/Hex       24%        3d13      1%          4
 Iskenderun's Mystic Bla  Conj/Tloc      52%        2d11      1%          4
 Summon Guardian Golem    Hex/Summ       36%        N/A       4%          3
 Slow                     Hex            22%        N/A       6%          2
 Gell's Gravitas          Tloc           14%        N/A       9%          3
 Lesser Beckoning         Tloc           28%        N/A       9%          3
 Teleport Other           Tloc           28%        N/A       9%          3
 Lee's Rapid Deconstruct  Erth           11%        3d9*      28%         5
 Cause Fear               Hex            11%        N/A       38%         4
 Dragon Form              Tmut           11%        N/A       100%        7
 Dragon's Call            Summ           25%        N/A       100%        9


Dungeon Overview and Level Annotations

Branches:
Dungeon (11/15)            Temple (1/1) D:4            Lair (0/6) D:8
 Bailey (visited)
    Orc: D:9-12

Altars:
Ashenzari
Cheibriados
Elyvilon
Fedhas
Nemelex Xobeh
Ru
Uskayaw
Vehumet
Xom
Yredelemnul
The Shining One

Shops:
D:3 !   D:4 =

Portals:
Abyss: D:7

Annotations:
D:7 2 transporters, HuGe's ghost, novice HOBe


Message History

The boulder beetle stops rolling and uncurls.
Casting: Blink (safe; 4% risk of failure)
Confirm with . or Enter, or press ? or * to list all spells.
You blink.
You are engulfed in blazing flames.
Ouch! That really hurt!
The boulder beetle bites you.
Unknown command.
Casting: Blink (safe; 4% risk of failure)
Confirm with . or Enter, or press ? or * to list all spells.
A beastly little devil appears in a puff of flame.
The boulder beetle is engulfed in blazing flames.
The boulder beetle bites you!!
* * * LOW HITPOINT WARNING * * *
Unknown command.
You swap places.
Your crimson imp hits the boulder beetle but does no damage.
The boulder beetle is engulfed in blazing flames.
The boulder beetle bites your crimson imp.
Casting: Call Imp (safe; 1% risk of failure)
Confirm with . or Enter, or press ? or * to list all spells.
The fire begins to smoulder!
The boulder beetle is engulfed in blazing flames.
The boulder beetle bites your crimson imp!!
Your crimson imp dies!
Your crimson imp disappears in a puff of smoke!
Unknown command.
The fire ignites!
Casting: Conjure Flame (safe; 1% risk of failure)
Confirm with . or Enter, or press ? or * to list all spells.
Aiming: Mephitic Cloud (safe; 1% risk of failure)
Press: ? - help, Shift-Dir - straight line, f/p - boulder beetle
Aim: a boulder beetle (grey smoke, heavily wounded, chance to affect: 43%)
The ball explodes into a vile cloud!
The stinking cloud engulfs the boulder beetle but does no damage.
The boulder beetle is heavily wounded.
You hear a shout! x3
Casting: Mephitic Cloud (safe; 1% risk of failure)
Confirm with . or Enter, or press ? or * to list all spells.
You blink.
The boulder beetle bites you!!
You die...

#o#)# #.## #.#.# ##...
#.#.###....
########..........
#.....##.....)..#.
###########.###.###...#####.
.......<.)§<)........[o.o.o.
###########.###.############
#@B§..# #######


You could see a boulder beetle.

Vanquished Creatures
  Snorg (D:10)
  3 two-headed ogres
  Harold (D:8)
  Nergalle (D:10)
  An orc knight (Bailey)
  Pikel (D:7)
  An ugly thing (D:10)
  2 trolls
  Prince Ribbit (D:5)
  A hornet (D:9)
  Grinder (D:6)
  A shadow (D:10)
  12 yaks
  2 wyverns
  Menkaure (D:7)
  2 wargs (D:8)
  2 ice beasts
  14 orc warriors
  A sky beast (D:8)
  3 ogres
  5 centaurs
  3 lemures (D:7)
  A kobold brigand (D:8)
  2 gnoll sergeants
  4 bullfrogs
  A scorpion (D:5)
  A wyvern skeleton (D:7)
  2 electric eels (D:9)
  10 wights
  4 hounds
  5 centaur zombies
  A jelly (D:6)
  A bullfrog zombie (D:5)
  8 orc priests
  A bullfrog skeleton (D:6)
  A scorpion zombie (D:5)
  9 orc wizards
  4 iguanas
  A hound skeleton (D:4)
  2 howler monkey zombies
  8 gnolls
  5 adders
  A shadow imp (D:7)
  3 ufetubi
  An adder skeleton (D:4)
  A worm (D:2)
  A dart slug (D:4)
  26 orcs
  6 bats
  4 endoplasms
  7 giant cockroaches
  14 goblins
  6 hobgoblins
  7 jackals (D:2)
  6 quokkas
  5 ball pythons
  3 frilled lizards
  9 kobolds
  8 rats
239 creatures vanquished.

Vanquished Creatures (others)
  An electric eel (D:9)
  4 fungi (D:7)
  6 plants (D:7)
11 creatures vanquished.

Grand Total: 250 creatures vanquished

Notes
Turn   | Place    | Note
-------+----------+-------------------------------------------
     0 | D:1      | pokeman the Deep Elf Hedge Wizard began the quest for the
                  | Orb.
     0 | D:1      | Reached XP level 1. HP: 10/10 MP: 7/7
   287 | D:1      | Reached XP level 2. HP: 16/16 MP: 6/9
   754 | D:1      | Reached skill level 5 in Spellcasting
  1147 | D:1      | Reached XP level 3. HP: 20/20 MP: 8/11
  1151 | D:1      | Learned a level 3 spell: Mephitic Cloud
  1154 | D:1      | Learned a level 2 spell: Call Imp
  1157 | D:1      | Learned a level 2 spell: Blink
  1161 | D:1      | Learned a level 3 spell: Conjure Flame
  1771 | D:2      | Reached skill level 1 in Fighting
  1979 | D:2      | Reached skill level 1 in Armour
  2102 | D:2      | Reached XP level 4. HP: 25/25 MP: 6/13
  2398 | D:2      | Found a faded altar of an unknown god.
  2686 | D:3      | Found Riggit's Distillery.
  2695 | D:3      | Bought a potion of curing for 42 gold pieces
  3029 | D:3      | Found a basalt altar of Yredelemnul.
  3259 | D:3      | Bought a potion of degeneration for 14 gold pieces
  3477 | D:4      | Found Cemoot's Jewellery Emporium.
  3585 | D:4      | Found a staircase to the Ecumenical Temple.
  3596 | Temple   | Entered the Ecumenical Temple
  3655 | Temple   | Became a worshipper of Vehumet
  3755 | D:4      | Reached skill level 1 in Fire Magic
  3760 | D:4      | Noticed an ogre
  3770 | D:4      | Killed an ogre
  3771 | D:4      | Reached skill level 6 in Spellcasting
  3771 | D:4      | Reached XP level 5. HP: 29/29 MP: 6/15
  3783 | D:4      | Reached skill level 1 in Air Magic
  3939 | D:5      | Entered Level 5 of the Dungeon
  4014 | D:5      | Reached XP level 6. HP: 33/34 MP: 9/17
  4072 | D:5      | Noticed Prince Ribbit
  4083 | D:5      | Killed Prince Ribbit
  4084 | D:5      | Reached skill level 7 in Spellcasting
  4084 | D:5      | Reached skill level 1 in Poison Magic
  4084 | D:5      | Reached skill level 1 in Evocations
  4085 | D:5      | Reached XP level 7. HP: 16/38 MP: 13/20
  4273 | D:5      | Reached skill level 8 in Spellcasting
  5018 | D:5      | Found a sparkling altar of Nemelex Xobeh.
  5347 | D:6      | Reached * piety under Vehumet
  5347 | D:6      | Offered knowledge of Shock by Vehumet.
  5356 | D:6      | Reached skill level 9 in Spellcasting
  5356 | D:6      | Reached XP level 8. HP: 39/44 MP: 12/23
  5358 | D:6      | Learned a level 1 spell: Shock
  5447 | D:6      | Found a blossoming altar of Fedhas.
  5496 | D:6      | Noticed Grinder
  5528 | D:6      | Paralysed by Grinder for 3 turns
  5545 | D:6      | Killed Grinder
  5620 | D:6      | Reached skill level 5 in Conjurations
  5757 | D:6      | Reached skill level 10 in Spellcasting
  5859 | D:6      | Identified the +0 robe "Ziles" {rElec}
  6160 | D:6      | Reached XP level 9. HP: 48/48 MP: 15/25
  6807 | D:7      | Reached skill level 11 in Spellcasting
  6893 | D:7      | Noticed Menkaure
  6897 | D:7      | Killed Menkaure
  6899 | D:7      | Offered knowledge of Static Discharge by Vehumet.
  7114 | D:7      | Identified the +0 ice dragon scales of Makhleb's Regard
                  | {rF- rC++ MP+9 Slay+3}
  7142 | D:7      | Found a transporter.
  7309 | D:7      | Noticed Pikel
  7338 | D:7      | Killed Pikel
  7446 | D:7      | Found a sacrificial altar of Ru.
  7516 | D:7      | Noticed a large abomination
  7517 | D:7      | Found a one-way gate to the infinite horrors of the Abyss.
  7517 | D:7      | Noticed HuGe's ghost (novice HOBe)
  7528 | D:7      | Noticed a smoke demon
  7566 | D:7      | Found a transporter.
  7753 | D:8      | Reached ** piety under Vehumet
  7867 | D:8      | Reached skill level 12 in Spellcasting
  7940 | D:8      | Found a staircase to the Lair.
  7991 | D:8      | Identified the ring of Parao {Wiz *Slow rN+ Str+7}
  8090 | D:8      | Reached XP level 10. HP: 56/56 MP: 26/28
  8251 | D:8      | Noticed Harold
  8283 | D:8      | Killed Harold
  8402 | D:8      | Found a shimmering altar of Xom.
  8461 | D:8      | Upgraded the game from 0.28-a0-447-g1f95980246 to
                  | 0.28-a0-461-g2dc4ca5097
  8728 | D:9      | Noticed a two-headed ogre
  9009 | D:8      | Reached skill level 13 in Spellcasting
  9045 | D:8      | Reached skill level 5 in Summonings
  9078 | D:9      | Noticed a two-headed ogre
  9091 | D:9      | Killed a two-headed ogre
  9235 | D:9      | Reached skill level 5 in Fire Magic
  9276 | D:9      | Offered knowledge of Poisonous Vapours by Vehumet.
  9331 | D:9      | Killed a two-headed ogre
  9519 | D:9      | Reached skill level 14 in Spellcasting
  9519 | D:9      | Reached XP level 11. HP: 60/60 MP: 27/31
  9843 | D:9      | Reached *** piety under Vehumet
  9844 | D:9      | Reached skill level 5 in Armour
 10034 | D:10     | Entered Level 10 of the Dungeon
 10112 | D:10     | Found a flagged portal.
 10122 | Bailey   | Entered a bailey
 10122 | Bailey   | Noticed an orc knight
 10209 | Bailey   | Offered knowledge of Sticky Flame by Vehumet.
 10209 | Bailey   | Killed an orc knight
 10408 | D:10     | Noticed Nergalle
 10450 | D:10     | Killed Nergalle
 10739 | D:10     | Found a broken altar of Ashenzari.
 10824 | D:10     | Found a white marble altar of Elyvilon.
 10950 | D:10     | Noticed Snorg
 11042 | D:10     | Killed Snorg
 11043 | D:10     | Reached skill level 15 in Spellcasting
 11388 | D:10     | Found a snail-covered altar of Cheibriados.
 11550 | D:11     | Noticed a two-headed ogre
 11565 | D:11     | Killed a two-headed ogre
 11648 | D:11     | Noticed a boulder beetle
 11670 | D:11     | Noticed a brown ugly thing
 11843 | D:10     | Killed a brown ugly thing
 11876 | D:11     | Slain by a boulder beetle

Illustrated notes

Levels and vault maps discovered:
D:1:      dpeg_arrival_ternary, layout_basic
D:2:      layout_basic, ebering_ecumenical_altar_webs
D:3:      layout_loops_ring, yredelemnul_altar_generic, serial_shops,
          nicolae_shop_trees
D:4:      layout_rooms, minmay_temple_entry_hall, serial_shops, shop
D:5:      layout_basic, lemuel_coloured_pillars_altar, st_stairs_14,
          uniq_prince_ribbit1
D:6:      layout_loops_ring, fedhas_altar_2, dk_noncrumbling_3,
          minmay_diced_spiral, uniq_grinder
D:7:      layout_cave_pools, nicolae_ru_the_path_less_chosen,
          gammafunk_ghost_abyssal_escape, uniq_menkaure, uniq_pikel
D:8:      layout_basic, overflow_temple_1_default, erik_lair_orcish_takeover,
          serial_curves, eino_curves_01, eino_curves_03, item_on_display_a,
          uniq_harold
D:9:      layout_basic, kennysheep_crisscross, grunt_ministairs_13,
          kennysheep_minor_cross, kennysheep_generic_room_10
D:10:     layout_basic, mainiacjoe_overflow_small_starburst,
          kennysheep_mini_moat, amcnicky_altar_gilded, enter_bailey_3,
          uniq_nergalle, uniq_snorg
D:11:     layout_loops_ring, gammafunk_ghost_hive, okawaru_trees_2
Temple:   minmay_temple_curvy_branch

Skill      XL: |  1  2  3  4  5  6  7  8  9 10 11 |
---------------+----------------------------------+-----
Spellcasting   | 5 6 7 9 10 12 14 15 | 15.4
Fighting       | 1 2 3 |  3.0
Conjurations   | 2 3 4 5 7 8 9 |  9.4
Armour         | 1 2 3 4 5 |  5.9
Dodging        | 3 |  3.0
Fire Magic     | 1 3 4 5 7 |  7.0
Stealth        | 3 |  3.0
Air Magic      | 1 |  1.0
Poison Magic   | 2 |  2.0
Evocations     | 2 |  2.0
Summonings     | 2 3 4 5 |  5.0
Translocations | |  1.1

Action                   |  1- 3 |  4- 6 |  7- 9 | 10-12 || total
-------------------------+-------+-------+-------+-------++-------
Melee: Dagger            |    28 |    28 |    13 |       ||    69
       Spear             |       |       |   103 |   138 ||   241
 Cast: Magic Dart        |   104 |    61 |    45 |     6 ||   216
       Conjure Flame     |       |     4 |    28 |    36 ||    68
       Mephitic Cloud    |       |     2 |    28 |    47 ||    77
       Shock             |       |       |   115 |   108 ||   223
       Call Imp          |       |       |     1 |     8 ||     9
       Blink             |       |       |       |    12 ||    12
Evoke: Wand              |       |       |       |     3 ||     3
  Use: Scroll            |       |       |       |     7 ||     7
 Stab: Confused          |       |     1 |    16 |    12 ||    29
Armor: Robe              |     9 |       |       |       ||     9
       Leather armour    |       |     6 |    20 |     3 ||    29
       Ice dragon scales |       |       |       |    59 ||    59
Dodge: Dodged            |    22 |    15 |    59 |    57 ||   153

Table legend: (Time is in decaauts)
 A = Elapsed time spent in this place.
 B = Non-inter-level travel time spent in this place.
 C = Inter-level travel time spent in this place.
 D = Time resting spent in this place.
 E = Time spent auto-exploring this place.
 F = Levels seen in this place.
 G = Mean time per level.
                   A        B        C        D        E       F      G
               +--------+--------+--------+--------+--------+-----+--------+
         Total |  11917 |  11126 |    791 |    604 |   8103 |  13 |  916.7 |
       Dungeon |  11597 |  10831 |    766 |    571 |   8012 |  11 | 1054.3 |
        Temple |    110 |     86 |     24 |      0 |     54 |   1 |  110.0 |
        Bailey |    209 |    209 |      0 |     33 |     37 |   1 |  209.0 |
               +--------+--------+--------+--------+--------+-----+--------+

Top non-repeatable levels by time:
     D:1: 1641 daAuts
     D:8: 1409 daAuts
     D:6: 1297 daAuts
     D:5: 1292 daAuts
     D:7: 1186 daAuts
    D:10: 1150 daAuts
     D:9: 1053 daAuts
     D:2: 982 daAuts
     D:4: 737 daAuts
     D:3: 656 daAuts
  Bailey: 209 daAuts
    D:11: 190 daAuts
  Temple: 110 daAuts
